[Event "Titled Tuesday Blitz November 29 Late 2022"]
[White "Graif, William"]
[Black "Ivic, Velimir"]
[WhiteFideId "2609835"]
[BlackFideId "950122"]
[WhiteElo "2205"]
[BlackElo "2625"]
[Result "0-1"]
[Round "01"]
[TimeControl "180+1"]
[Date "2022.11.30"]
[WhiteClock "0:00:01"]
[BlackClock "0:01:39"]

1. d4 Nf6 2. Nc3 d5 3. e4 dxe4 4. Bg5 Nbd7 5. f3 c5 6. d5 Qa5 7. Qd2 h6 8. Be3 g6 9. fxe4 Bg7 10. Nf3 Ng4 11. Nb5 Qb6 12. Bf4 Nge5 13. d6 O-O 14. Nxe5 Nxe5 15. Bxe5 Bxe5 16. d7 Bxd7 17. Qxd7 Rad8 18. Qh3 a6 19. Na3 Qxb2 20. Rd1 Bc3+ 21. Ke2 Qxa3 22. Rd3 Rxd3 23. Qxd3 c4 24. Qxc4 Rd8 25. g3 Qb2 26. Bh3 Qxc2+ 27. Kf3 Rd3+ 28. Kg4 h5+ 29. Kf4 Bd2+ 30. Ke5 Qxc4 0-1


[Site "https://www.chess.com"]

[Event "Titled Tuesday Blitz November 29 Late 2022"]
[White "Grot, Blazej"]
[Black "Tisaj, Domen"]
[WhiteFideId "21835845"]
[BlackFideId "14628708"]
[WhiteElo "1822"]
[BlackElo "2352"]
[Result "0-1"]
[Round "01"]
[TimeControl "180+1"]
[Date "2022.11.30"]
[WhiteClock "0:00:05"]
[BlackClock "0:00:20"]

1. e4 e5 2. Nf3 Nf6 3. Nxe5 d6 4. Nf3 Nxe4 5. d4 d5 6. Bd3 Nc6 7. O-O Be7 8. Re1 Bf5 9. c4 Nb4 10. Bxe4 dxe4 11. Ne5 O-O 12. a3 Nd3 13. Nxd3 exd3 14. d5 Bf6 15. Nc3 Qd7 16. Bf4 Rfe8 17. Qd2 c6 18. d6 a5 19. c5 a4 20. Rxe8+ Rxe8 21. Nxa4 Re2 22. Qa5 g5 23. Be3 Qe6 24. Rd1 Qb3 25. Nc3 Bxc3 26. Qd8+ Kg7 27. Qxg5+ Bg6 28. Rf1 Bxb2 29. Qh6+ Kg8 30. d7 Bf6 31. Qf4 Qe6 32. Qb8+ Kg7 33. d8=Q Bxd8 34. Qxd8 Rxe3 35. fxe3 Qxe3+ 36. Kh1 Qxc5 37. Qf6+ Kg8 38. Qd8+ Qf8 39. Qf6 Qxa3 40. Qd8+ Qf8 41. Qd4 c5 42. Qd5 Qe7 43. Ra1 Kg7 44. Qf3 Qf6 45. Rf1 Qxf3 46. gxf3 c4 47. Kg2 c3 48. Kf2 d2 49. Ke2 Bc2 50. Rg1+ Kf6 51. f4 b5 52. Rd1 Bxd1+ 53. Kxd1 b4 54. Kc2 Kf5 0-1


[Site "https://www.chess.com"]

[Event "Titled Tuesday Blitz November 29 Late 2022"]
[White "Gubajdullin, Alexei"]
[Black "Liu, Kelsey"]
[WhiteFideId "4141202"]
[BlackFideId "30944481"]
[WhiteElo "2230"]
[BlackElo "2270"]
[Result "0-1"]
[Round "01"]
[TimeControl "180+1"]
[Date "2022.11.30"]
[WhiteClock "0:00:47"]
[BlackClock "0:00:43"]

1. d4 Nf6 2. Nf3 e6 3. Bf4 d5 4. e3 Bd6 5. Bg3 c5 6. Nbd2 Nc6 7. c3 b6 8. Bb5 Bb7 9. Ne5 Rc8 10. Qa4 Bxe5 11. Bxe5 O-O 12. Bxc6 Bxc6 13. Qxa7 Bb5 14. Bxf6 Qxf6 15. Qxb6 Rb8 16. Qxc5 Qg6 17. O-O-O Rfc8 18. Qa3 Ra8 19. Qb4 Rxa2 20. Nb3 Bc4 21. Nc5 h6 22. g3 Rxc5 23. dxc5 Ra1+ 0-1


[Site "https://www.chess.com"]

[Event "Titled Tuesday Blitz November 29 Late 2022"]
[White "Hambleton, Aman"]
[Black "Figorito, Nick"]
[WhiteFideId "2606577"]
[BlackFideId "30923689"]
[WhiteElo "2538"]
[BlackElo "2346"]
[Result "1-0"]
[Round "01"]
[TimeControl "180+1"]
[Date "2022.11.30"]
[WhiteClock "0:00:02"]
[BlackClock "0:00:07"]

1. d4 Nf6 2. Bf4 g6 3. Nc3 d5 4. e3 Bg7 5. h4 h5 6. Nf3 Bg4 7. Be2 c6 8. Ne5 Bxe2 9. Qxe2 Nbd7 10. O-O-O Nxe5 11. Bxe5 Qa5 12. f3 O-O-O 13. Kb1 Rdg8 14. e4 e6 15. Qd2 dxe4 16. fxe4 Ng4 17. Bxg7 Rxg7 18. Rhf1 Qd8 19. g3 Qd7 20. e5 Rd8 21. Ne4 Kb8 22. c4 Qe7 23. Nd6 Rxd6 24. exd6 Qxd6 25. Qf4 Qxf4 26. Rxf4 f5 27. Re1 Re7 28. Kc2 Kc7 29. Kd3 Kd7 30. Re2 Nf6 31. Rf1 Ne4 32. Rxe4 fxe4+ 33. Kxe4 Rg7 34. Rf4 Ke7 35. Ke5 Rf7 36. Rxf7+ Kxf7 37. Kd6 Kf6 38. Kc7 Kf5 39. Kxb7 Ke4 40. Kxc6 Kxd4 41. c5 e5 42. Kd6 e4 43. c6 e3 44. c7 e2 45. c8=Q e1=Q 46. Qc5+ Kd3 47. Qxa7 Qxg3+ 48. Kc6 Qf3+ 49. Kb5 Qd5+ 50. Qc5 Qxa2 51. b4 Qe2 52. Qc4+ Kd2 53. Qxe2+ Kxe2 54. Ka5 g5 55. hxg5 h4 56. g6 h3 57. g7 h2 58. g8=Q h1=Q 59. Qe6+ Kd2 60. Qd6+ Kc3 61. Qc5+ Kb3 62. Qe3+ Kc2 63. Qe2+ Kc3 64. Qe3+ Kb2 65. Qd2+ Kb3 66. Qd3+ Kb2 67. b5 Qa8+ 68. Kb4 Qb7 69. Qd2+ Kb1 70. Qd1+ Kb2 71. Qe2+ Kb1 72. Qe1+ Kb2 73. Qc3+ Kb1 74. Qc6 Qe7+ 75. Kc4 Qf7+ 76. Qd5 Qb7 77. Qxb7 1-0


[Site "https://www.chess.com"]

[Event "Titled Tuesday Blitz November 29 Late 2022"]
[White "Hansen, Eric"]
[Black "Santos Flores, Alberto"]
[WhiteFideId "2606771"]
[BlackFideId "3601234"]
[WhiteElo "2952"]
[BlackElo "2505"]
[Result "1-0"]
[Round "01"]
[TimeControl "180+1"]
[Date "2022.11.30"]
[WhiteClock "0:00:28"]
[BlackClock "0:00:11"]

1. d4 d5 2. c4 c6 3. Nf3 Nf6 4. e3 Bf5 5. Nc3 e6 6. Bd3 Bg6 7. O-O Nbd7 8. b3 Bd6 9. Bb2 Qe7 10. Qc2 Ba3 11. Bxa3 Qxa3 12. e4 dxe4 13. Nxe4 Nxe4 14. Bxe4 Bxe4 15. Qxe4 O-O 16. Rfe1 a5 17. Qc2 a4 18. Rab1 axb3 19. axb3 Rfd8 20. Re3 Qb4 21. Rd1 b5 22. g3 bxc4 23. bxc4 Ra4 24. Rc3 Rda8 25. Rb1 Ra1 26. Rb3 Rxb1+ 27. Rxb1 Qa3 28. Kg2 h6 29. Qe4 Qa4 30. Rb7 Nf6 31. Qe2 Rd8 32. Rc7 Ne8 33. Re7 Kf8 34. Rb7 Nd6 35. Rc7 Qxc4 36. Rxf7+ Kg8 37. Qxc4 Nxc4 38. Rc7 Rd6 39. h4 Na5 40. h5 Nb3 41. Rc8+ Kf7 42. Ne5+ Kf6 43. Rf8+ Kg5 44. f4+ Kxh5 45. Kh3 1-0


[Site "https://www.chess.com"]

[Event "Titled Tuesday Blitz November 29 Late 2022"]
[White "Harish, Neeraj"]
[Black "Araujo Sanchez, Josue"]
[WhiteFideId "30958130"]
[BlackFideId "6416896"]
[WhiteElo "1815"]
[BlackElo "2370"]
[Result "0-1"]
[Round "01"]
[TimeControl "180+1"]
[Date "2022.11.30"]
[WhiteClock "0:00:03"]
[BlackClock "0:00:41"]

1. e4 c5 2. Nf3 d6 3. d4 cxd4 4. Nxd4 Nf6 5. Nc3 a6 6. Rg1 e5 7. Nb3 Be6 8. f4 g6 9. fxe5 dxe5 10. Qxd8+ Kxd8 11. Bg5 Nd7 12. O-O-O Kc7 13. Be2 h6 14. Be3 Bb4 15. Na4 Nxe4 16. Bf3 Ng5 17. Nac5 Nxc5 18. Nxc5 Bxc5 19. Bxc5 Nxf3 20. gxf3 Kc6 21. Be3 g5 22. b3 Rhd8 23. Kb2 Rxd1 24. Rxd1 f6 25. c4 h5 26. Kc3 a5 27. a4 h4 28. Bf2 Re8 29. Kc2 Bf7 30. Be1 Bh5 31. Rd3 Bg6 32. Bxa5 b6 33. Bc3 Rd8 0-1


[Site "https://www.chess.com"]

[Event "Titled Tuesday Blitz November 29 Late 2022"]
[White "Hernandez Gonzalez, William"]
[Black "Huber, Benedikt"]
[WhiteFideId "3509915"]
[BlackFideId "12923583"]
[WhiteElo "2374"]
[BlackElo "2199"]
[Result "0-1"]
[Round "01"]
[TimeControl "180+1"]
[Date "2022.11.30"]
[WhiteClock "0:00:10"]
[BlackClock "0:00:07"]

1. e4 c5 2. Nf3 e6 3. g3 Nc6 4. Bg2 d5 5. exd5 exd5 6. d4 cxd4 7. Nxd4 Nf6 8. O-O Be7 9. b3 O-O 10. Bb2 Bg4 11. Bf3 Bxf3 12. Nxf3 Ne4 13. Nbd2 Bf6 14. Qc1 Nc3 15. Bxc3 Bxc3 16. Rb1 Qf6 17. Kg2 Rfe8 18. Re1 Rxe1 19. Qxe1 Nb4 20. Qd1 Nxa2 21. Nf1 Nb4 22. Ne3 d4 23. Nc4 Qf5 24. Nxd4 Bxd4 25. Qxd4 Nxc2 26. Qd1 Qe4+ 27. Kg1 Nd4 28. Nd2 Qd3 29. Kg2 Rd8 30. Nc4 Qe4+ 31. f3 Qf5 32. Ne3 Qe6 33. Qd3 Nc6 34. Qc3 h5 35. Re1 h4 36. g4 Nd4 37. Nf5 Qf6 38. Nxd4 Qxd4 39. Re8+ Kh7 40. Qxd4 Rxd4 41. Re7 Rb4 42. Re3 a5 43. Rc3 g5 44. Rc5 f6 45. Rxa5 Rxb3 46. Ra2 Kg6 47. Rc2 Kf7 48. Re2 b5 49. Rc2 b4 50. Rc6 Rc3 51. Rb6 b3 52. Rb7+ Ke6 53. Rb6+ Kd5 54. Rxf6 Rc2+ 55. Kh3 b2 56. Rb6 Kc4 57. f4 gxf4 58. Kxh4 Rxh2+ 59. Kg5 f3 60. Kf4 f2 61. Kg3 f1=Q 0-1


[Site "https://www.chess.com"]

[Event "Titled Tuesday Blitz November 29 Late 2022"]
[White "Hjartarson, Johann"]
[Black "Wieczorek, Zbigniew"]
[WhiteFideId "2300044"]
[BlackFideId "1102001"]
[WhiteElo "2458"]
[BlackElo "2293"]
[Result "0-1"]
[Round "01"]
[TimeControl "180+1"]
[Date "2022.11.30"]
[WhiteClock "0:00:02"]
[BlackClock "0:00:04"]

1. d4 Nf6 2. c4 e6 3. Nf3 Bb4+ 4. Nbd2 c5 5. a3 Bxd2+ 6. Bxd2 b6 7. e3 Bb7 8. Bd3 d6 9. O-O Nbd7 10. b4 O-O 11. Bc3 Qe7 12. Qe2 e5 13. Nd2 Rfe8 14. dxc5 dxc5 15. Bf5 Nf8 16. Rfd1 Ng6 17. Rab1 Rad8 18. Nb3 Ne4 19. Be1 Qg5 20. Qg4 Nh4 21. f4 Qxf5 22. Qxh4 Rxd1 23. Rxd1 exf4 24. exf4 Qg6 25. g3 f6 26. Qh3 Bc8 27. Qg2 Bg4 28. Rd5 Be6 29. Rd1 Bxc4 30. Nc1 Qg4 31. Qc2 Bb5 32. Nd3 Qf3 0-1


[Site "https://www.chess.com"]

[Event "Titled Tuesday Blitz November 29 Late 2022"]
[White "Hoffmann, Asa"]
[Black "Preotu, Razvan"]
[WhiteFideId "2001470"]
[BlackFideId "2613280"]
[WhiteElo "2117"]
[BlackElo "2407"]
[Result "0-1"]
[Round "01"]
[TimeControl "180+1"]
[Date "2022.11.30"]
[WhiteClock "0:00:23"]
[BlackClock "0:00:30"]

1. d4 Nf6 2. Bg5 d5 3. Nd2 c5 4. e3 Nc6 5. c3 cxd4 6. exd4 Bf5 7. Qb3 Qd7 8. Ngf3 Ne4 9. Bf4 f6 10. Nxe4 Bxe4 11. Nd2 Bg6 12. Be2 e5 13. dxe5 fxe5 14. Bg3 Bc5 15. O-O O-O 16. Qd1 e4 17. b4 Bb6 18. b5 Ne7 19. Nb3 Nf5 20. Bg4 Qxb5 21. Bxf5 Rxf5 22. Nd4 Bxd4 23. cxd4 Bh5 24. Qb3 Be2 25. Qxb5 Bxb5 26. Rfc1 Bc4 27. a4 b6 28. a5 b5 29. a6 Rf6 30. Be5 Re6 31. Ra5 Rc8 32. Rb1 Rcc6 33. h3 Rxa6 34. Raxb5 Bxb5 35. Rxb5 Kf7 36. Rxd5 Ra1+ 37. Kh2 Ra2 38. Kg3 Rg6+ 39. Kf4 Rxf2+ 40. Kxe4 Rgxg2 41. Rd7+ Ke6 42. Rd6+ Ke7 43. Rc6 Rc2 44. Ra6 Ra2 45. Rc6 Rgc2 46. d5 Ra4+ 47. Kf5 Rxc6 48. dxc6 Rc4 49. c7 a5 0-1


[Site "https://www.chess.com"]

[Event "Titled Tuesday Blitz November 29 Late 2022"]
[White "Iliaguev, Nisim"]
[Black "Sanchez, Robert"]
[WhiteFideId "2817276"]
[BlackFideId "2034360"]
[WhiteElo "2244"]
[BlackElo "2328"]
[Result "1-0"]
[Round "01"]
[TimeControl "180+1"]
[Date "2022.11.30"]
[WhiteClock "0:01:58"]
[BlackClock "0:01:23"]

1. d4 Nf6 2. Nf3 e6 3. g3 d5 4. Bg2 Be7 5. O-O O-O 6. c4 c6 7. Nc3 Nbd7 8. Nd2 Nb6 9. c5 Nbd7 10. e4 e5 11. dxe5 Nxe5 12. exd5 cxd5 13. Nb3 Be6 14. Bg5 Nc4 15. Bxf6 Bxf6 16. Nxd5 Nxb2 17. Nxf6+ Qxf6 18. Qd4 Rab8 19. Qxf6 gxf6 20. Na5 Bc8 21. Rab1 Na4 22. c6 b6 23. c7 1-0


[Site "https://www.chess.com"]

[Event "Titled Tuesday Blitz November 29 Late 2022"]
[White "Indjic, Aleksandar"]
[Black "Gavilan Diaz, Mario"]
[WhiteFideId "911925"]
[BlackFideId "2260905"]
[WhiteElo "2943"]
[BlackElo "2503"]
[Result "1-0"]
[Round "01"]
[TimeControl "180+1"]
[Date "2022.11.30"]
[WhiteClock "0:01:32"]
[BlackClock "0:00:16"]

1. Nc3 d5 2. d4 Nf6 3. Bf4 c5 4. e3 a6 5. a3 Nc6 6. h3 Bf5 7. Nf3 e6 8. Bd3 Bxd3 9. Qxd3 cxd4 10. exd4 Bd6 11. Bg5 h6 12. Bxf6 Qxf6 13. Ne2 O-O 14. c3 e5 15. dxe5 Nxe5 16. Nxe5 Qxe5 17. Kf1 Rfe8 18. Rd1 Rad8 19. Nd4 Bc5 20. Nf3 Qf4 21. g3 Qe4 22. Kg2 Qe2 23. Qxe2 Rxe2 24. Rd2 Rxd2 25. Nxd2 d4 26. Nb3 Bb6 27. c4 Rc8 28. Rc1 Ba7 29. Kf3 Kf8 30. Ke4 Re8+ 31. Kd3 Rd8 32. c5 Bb8 33. c6 bxc6 34. Rxc6 Be5 35. Na5 Rd5 36. b4 Bf6 37. Nc4 Rf5 38. f4 Kg8 39. Rxa6 h5 40. Ke4 Rb5 41. Ra8+ Kh7 42. g4 hxg4 43. hxg4 Rb7 44. g5 Be7 45. Kxd4 Rd7+ 46. Ke4 Rd1 47. Ne5 Re1+ 48. Kd3 f6 49. g6+ Kh6 50. Rh8# 1-0


[Site "https://www.chess.com"]

[Event "Titled Tuesday Blitz November 29 Late 2022"]
[White "Janaszak, Dawid"]
[Black "Winkels, Marcel"]
[WhiteFideId "1119206"]
[BlackFideId "1003887"]
[WhiteElo "2226"]
[BlackElo "1900"]
[Result "1-0"]
[Round "01"]
[TimeControl "180+1"]
[Date "2022.11.30"]
[WhiteClock "0:02:07"]
[BlackClock "0:01:07"]

1. e4 c5 2. Nc3 d6 3. d4 cxd4 4. Qxd4 Nc6 5. Qd2 g6 6. b3 Bh6 7. f4 e5 8. Nb5 Bxf4 9. Qxd6 Qxd6 10. Nxd6+ Ke7 11. Ba3 Kf6 12. Ne8+ Ke6 13. Nc7+ Kd7 14. Nxa8 Nd4 15. Bd3 b6 16. c3 Ne6 17. Bb5+ 1-0


[Site "https://www.chess.com"]

[Event "Titled Tuesday Blitz November 29 Late 2022"]
[White "Jaracz, Pawel"]
[Black "Rosenberg, Evan S"]
[WhiteFideId "1102222"]
[BlackFideId "2019299"]
[WhiteElo "2459"]
[BlackElo "2385"]
[Result "1-0"]
[Round "01"]
[TimeControl "180+1"]
[Date "2022.11.30"]
[WhiteClock "0:01:03"]
[BlackClock "0:00:02"]

1. e4 e5 2. Bc4 Nf6 3. d3 c6 4. Bb3 d5 5. Nd2 Bd6 6. Ngf3 O-O 7. O-O a5 8. a4 Nbd7 9. c3 Nc5 10. Bc2 Ne6 11. Re1 Nf4 12. Nf1 Bg4 13. h3 Bxh3 14. gxh3 Nxh3+ 15. Kg2 Ng4 16. Be3 Nf4+ 17. Bxf4 exf4 18. e5 Be7 19. d4 Bh4 20. Re2 f5 21. N1h2 Bxf2 22. Nxg4 fxg4 23. Rxf2 gxf3+ 24. Rxf3 Qg5+ 25. Kf1 h5 26. Qd3 h4 27. Kf2 Kf7 28. Rg1 Qh6 29. Qf5+ Ke7 30. Qg4 Rf7 31. Qg5+ Qxg5 32. Rxg5 Rh8 33. Rh3 f3 34. Rg4 Rh7 35. Rgxh4 1-0


[Site "https://www.chess.com"]

[Event "Titled Tuesday Blitz November 29 Late 2022"]
[White "Jobava, Baadur"]
[Black "Aggelis, Nikolaos"]
[WhiteFideId "13601520"]
[BlackFideId "4213220"]
[WhiteElo "3046"]
[BlackElo "2525"]
[Result "1-0"]
[Round "01"]
[TimeControl "180+1"]
[Date "2022.11.30"]
[WhiteClock "0:00:37"]
[BlackClock "0:00:03"]

1. d4 d5 2. Nc3 g6 3. e4 dxe4 4. Nxe4 Bg7 5. c3 Nf6 6. Nxf6+ exf6 7. Bd3 O-O 8. Ne2 f5 9. O-O b6 10. a4 Ba6 11. Bxa6 Nxa6 12. Bf4 Qd5 13. Bg3 c5 14. Nf4 Qb7 15. dxc5 Nxc5 16. f3 Rad8 17. Qc2 Rfe8 18. Rad1 Rxd1 19. Rxd1 Qc6 20. a5 Ne6 21. Nxe6 Qxe6 22. axb6 axb6 23. Bf2 Bf8 24. Re1 Qxe1+ 25. Bxe1 Rxe1+ 26. Kf2 Re6 27. b4 h5 28. Qd3 Be7 29. f4 Kg7 30. g3 Kg8 31. Qb5 h4 32. Kf3 hxg3 33. hxg3 Kg7 34. c4 Kg8 35. c5 bxc5 36. bxc5 Bxc5 37. Qxc5 Kg7 38. Qc8 Re7 39. Qc3+ Kg8 40. Qf6 Re6 41. Qd4 Re8 42. g4 fxg4+ 43. Kxg4 Re6 44. Kg5 Kh7 45. Qb2 Rc6 46. Qb7 Rc5+ 47. Kf6 Rf5+ 48. Ke7 Rxf4 49. Kf8 Rf5 50. Qh1+ Rh5 51. Qa1 Rh6 52. Qg7# 1-0


[Site "https://www.chess.com"]

[Event "Titled Tuesday Blitz November 29 Late 2022"]
[White "Kadric, Denis"]
[Black "Szyszylo, Rafal"]
[WhiteFideId "14403803"]
[BlackFideId "1109626"]
[WhiteElo "2657"]
[BlackElo "1981"]
[Result "0-1"]
[Round "01"]
[TimeControl "180+1"]
[Date "2022.11.30"]
[WhiteClock "0:00:07"]
[BlackClock "0:00:06"]

1. e4 d6 2. d4 Nf6 3. Nc3 g6 4. f4 Bg7 5. Nf3 O-O 6. e5 Nfd7 7. Bc4 Nb6 8. Bb3 dxe5 9. fxe5 a5 10. a4 Bg4 11. Ne4 Bxf3 12. gxf3 Nc6 13. c3 Nd5 14. O-O e6 15. Bg5 Qc8 16. Qd2 b6 17. Kh1 Kh8 18. Rg1 f5 19. exf6 Nxf6 20. Rae1 Nd5 21. Rg3 Rf5 22. Nf2 Qd7 23. Bc2 Rf7 24. Qe2 e5 25. Bb3 Rf5 26. c4 Nxd4 27. Qe4 Nxb3 28. cxd5 Nc5 29. Qc4 Rc8 30. Ne4 Nxe4 31. fxe4 Rf2 32. b3 Rcf8 33. Rc3 Qg4 34. Rg3 Qh5 35. h4 h6 36. d6 hxg5 37. Qc3 gxh4 38. Rgg1 R2f3 0-1


[Site "https://www.chess.com"]

[Event "Titled Tuesday Blitz November 29 Late 2022"]
[White "Kalogeris, Ioannis"]
[Black "Paravyan, David"]
[WhiteFideId "4239563"]
[BlackFideId "4194985"]
[WhiteElo "2524"]
[BlackElo "3040"]
[Result "1/2-1/2"]
[Round "01"]
[TimeControl "180+1"]
[Date "2022.11.30"]
[WhiteClock "0:00:41"]
[BlackClock "0:00:01"]

1. e4 e5 2. Nf3 Nf6 3. Nc3 Nc6 4. Bb5 Nd4 5. Bc4 Bc5 6. O-O d6 7. h3 Nxf3+ 8. Qxf3 c6 9. a4 g5 10. d3 g4 11. hxg4 Bxg4 12. Qg3 Rg8 13. Qh4 Rg6 14. Bg5 h6 15. Bxf6 Qxf6 16. Qxf6 Rxf6 17. a5 Kd7 18. Na4 Bd4 19. c3 Rg8 20. cxd4 Bf3 21. Kh2 Rxg2+ 22. Kh3 Rg5 23. Rg1 Rh5+ 24. Kg3 Rg5+ 25. Kh3 Rh5+ 26. Kg3 Rf4 27. dxe5 dxe5 28. Nc5+ Ke7 29. Rae1 Rg5+ 30. Kh3 Rh5+ 31. Kg3 Rg5+ 32. Kh3 Rh5+ 33. Kg3 1/2-1/2


[Site "https://www.chess.com"]

[Event "Titled Tuesday Blitz November 29 Late 2022"]
[White "Karas, Marek"]
[Black "Chigaev, Maksim"]
[WhiteFideId "14928558"]
[BlackFideId "4108116"]
[WhiteElo "2513"]
[BlackElo "2995"]
[Result "0-1"]
[Round "01"]
[TimeControl "180+1"]
[Date "2022.11.30"]
[WhiteClock "0:00:49"]
[BlackClock "0:00:42"]

1. d4 Nf6 2. Nf3 g6 3. Nc3 d5 4. Bf4 c6 5. Qd2 Bf5 6. Ne5 Nbd7 7. f3 h5 8. h4 Nxe5 9. Bxe5 Bh6 10. e3 O-O 11. Bd3 Bxd3 12. Qxd3 Nd7 13. Bf4 Bxf4 14. exf4 e6 15. O-O-O c5 16. g4 cxd4 17. gxh5 dxc3 18. hxg6 Qf6 19. Rhg1 Qxf4+ 20. Kb1 f5 21. Qxc3 Rac8 22. Qa3 Nc5 23. Qxa7 Qa4 24. Qb6 Rc6 0-1


[Site "https://www.chess.com"]

[Event "Titled Tuesday Blitz November 29 Late 2022"]
[White "Keymer, Vincent"]
[Black "Petrovic, Aleksa"]
[WhiteFideId "12940690"]
[BlackFideId "967629"]
[WhiteElo "2912"]
[BlackElo "2495"]
[Result "1-0"]
[Round "01"]
[TimeControl "180+1"]
[Date "2022.11.30"]
[WhiteClock "0:01:05"]
[BlackClock "0:00:03"]

1. Nf3 Nf6 2. c4 b6 3. g3 c5 4. Bg2 Bb7 5. O-O e6 6. b3 Be7 7. Bb2 O-O 8. Nc3 a6 9. e3 d6 10. Qe2 Nbd7 11. Rfd1 Qc7 12. Rac1 Ne4 13. Nxe4 Bxe4 14. d4 Nf6 15. Ne1 Bxg2 16. Kxg2 h6 17. Qf3 Rac8 18. Nd3 Rfd8 19. d5 e5 20. e4 Nh7 21. h4 Rf8 22. Rf1 Qd7 23. Qf5 Qe8 24. Rce1 g6 25. Qh3 f5 26. f4 fxe4 27. Rxe4 Qf7 28. Ree1 exf4 29. Nxf4 Bf6 30. Ne6 Rfe8 31. Re2 Qe7 32. Qg4 Bxb2 33. Rxb2 g5 34. Rbf2 Kh8 35. Rf7 1-0


[Site "https://www.chess.com"]

[Event "Titled Tuesday Blitz November 29 Late 2022"]
[White "Khater, Sherif"]
[Black "Tari, Aryan"]
[WhiteFideId "2034280"]
[BlackFideId "1510045"]
[WhiteElo "2511"]
[BlackElo "2981"]
[Result "1-0"]
[Round "01"]
[TimeControl "180+1"]
[Date "2022.11.30"]
[WhiteClock "0:00:32"]
[BlackClock "0:00:15"]

1. e4 c6 2. Nc3 d5 3. exd5 cxd5 4. d4 Nf6 5. h3 g6 6. Nf3 Bg7 7. Bb5+ Nbd7 8. Ne5 O-O 9. Nxd7 Bxd7 10. Bxd7 Qxd7 11. O-O b5 12. Re1 b4 13. Ne2 Ne4 14. Ng3 Nxg3 15. fxg3 Rfc8 16. Re2 Rc4 17. Be3 Rac8 18. a3 a5 19. axb4 axb4 20. Bf2 e6 21. Qd3 h5 22. h4 Qc7 23. Rc1 Bh6 24. Be3 Bxe3+ 25. Qxe3 Qa7 26. Rd2 Qa2 27. Rf1 Qxb2 28. Rxf7 Kxf7 29. Rf2+ Ke7 30. Qg5+ Kd7 31. Rf7+ Kc6 32. Qe7 Qxd4+ 33. Kh2 Kb5 34. Qd7+ R8c6 35. Rf8 Qb6 36. Ra8 Qc7 37. Qe8 Rxh4+ 38. Kg1 Qxg3 39. Rb8+ Kc5 40. Qe7+ 1-0


[Site "https://www.chess.com"]

[Event "Titled Tuesday Blitz November 29 Late 2022"]
[White "Kim, Sergey"]
[Black "Rodriguez Santiago, Jaime"]
[WhiteFideId "13700570"]
[BlackFideId "3100898"]
[WhiteElo "2616"]
[BlackElo "2025"]
[Result "1-0"]
[Round "01"]
[TimeControl "180+1"]
[Date "2022.11.30"]
[WhiteClock "0:01:37"]
[BlackClock "0:00:21"]

1. d4 Nf6 2. c4 e6 3. Nc3 d5 4. Nf3 c5 5. e3 Nc6 6. a3 dxc4 7. Bxc4 a6 8. O-O b5 9. Ba2 cxd4 10. exd4 Be7 11. Bg5 O-O 12. Re1 Bb7 13. Rc1 h6 14. Bh4 b4 15. axb4 Nxb4 16. Bb1 Nfd5 17. Bg3 Bd6 18. Ne5 Rc8 19. Ne4 Bb8 20. Nc5 Ba8 21. Ned7 Bxg3 22. hxg3 Re8 23. Ne5 Ne7 24. Qh5 Rf8 25. Ncd7 Rxc1 26. Rxc1 f6 27. Nxf8 fxe5 28. Ng6 Ned5 29. Nxe5 Nf6 30. Qf7+ Kh8 31. Qxe6 1-0


[Site "https://www.chess.com"]

[Event "Titled Tuesday Blitz November 29 Late 2022"]
[White "Kleiman, Jake"]
[Black "Stanisz, Patryk"]
[WhiteFideId "2020041"]
[BlackFideId "1123106"]
[WhiteElo "2622"]
[BlackElo "2069"]
[Result "1-0"]
[Round "01"]
[TimeControl "180+1"]
[Date "2022.11.30"]
[WhiteClock "0:00:34"]
[BlackClock "0:00:01"]

1. e4 c5 2. c3 Nf6 3. e5 Nd5 4. Bc4 Nb6 5. Bb3 d5 6. exd6 Qxd6 7. Nf3 Nc6 8. O-O Be6 9. Bxe6 Qxe6 10. a4 g6 11. a5 Nd5 12. d4 cxd4 13. Nxd4 Nxd4 14. Qxd4 Nf6 15. Na3 Bg7 16. Bg5 O-O 17. Rfe1 Qf5 18. Qh4 Rfe8 19. a6 bxa6 20. Nc4 Rac8 21. Ne5 Red8 22. Nf3 Rb8 23. Re2 Rd6 24. Bf4 e5 25. Rxe5 Qc2 26. Ree1 Rxb2 27. Bxd6 h6 28. Bg3 g5 29. Qd4 Nh5 30. Qd1 Nxg3 31. Qxc2 Rxc2 32. hxg3 Bxc3 33. Rac1 Bxe1 34. Rxc2 Bb4 35. Rc7 a5 36. Rxa7 Kg7 37. Ne5 1-0


[Site "https://www.chess.com"]

[Event "Titled Tuesday Blitz November 29 Late 2022"]
[White "Kollars, Dmitrij"]
[Black "Martinez Reyes, Pedro Ramon"]
[WhiteFideId "12909572"]
[BlackFideId "3901807"]
[WhiteElo "3001"]
[BlackElo "2517"]
[Result "1-0"]
[Round "01"]
[TimeControl "180+1"]
[Date "2022.11.30"]
[WhiteClock "0:01:10"]
[BlackClock "0:00:32"]

1. Nf3 d5 2. g3 Nf6 3. Bg2 g6 4. c4 c6 5. b3 Bg7 6. Bb2 O-O 7. O-O a5 8. cxd5 cxd5 9. Nc3 Nc6 10. Rc1 d4 11. Nb5 d3 12. e3 a4 13. Ne5 axb3 14. Qxb3 Be6 15. Qxd3 Qb6 16. Nxc6 bxc6 17. Rxc6 Qb8 18. Rxe6 Rxa2 19. Bxf6 1-0


[Site "https://www.chess.com"]

[Event "Titled Tuesday Blitz November 29 Late 2022"]
[White "Kourkoulos-Arditis, Stamatis"]
[Black "Meduri, Aakaash"]
[WhiteFideId "4221990"]
[BlackFideId "2032252"]
[WhiteElo "2429"]
[BlackElo "2113"]
[Result "1-0"]
[Round "01"]
[TimeControl "180+1"]
[Date "2022.11.30"]
[WhiteClock "0:00:25"]
[BlackClock "0:00:02"]

1. e4 c5 2. Nf3 d6 3. Bb5+ Bd7 4. Bxd7+ Nxd7 5. O-O Ngf6 6. Re1 e6 7. c3 Be7 8. d4 O-O 9. Nbd2 Qc7 10. e5 dxe5 11. dxe5 Ng4 12. Qe2 Kh8 13. h3 Nh6 14. g4 Rad8 15. Nf1 Ng8 16. Ng3 a6 17. Bf4 b5 18. Rad1 Nb6 19. Ne4 f6 20. exf6 Qxf4 21. fxe7 Nxe7 22. Rxd8 Rxd8 23. Neg5 Rd6 24. Qc2 g6 25. Re4 Qf6 26. Qe2 Ned5 27. Nxe6 Nd7 28. Neg5 h6 29. Re8+ Nf8 30. Ne4 1-0


[Site "https://www.chess.com"]

[Event "Titled Tuesday Blitz November 29 Late 2022"]
[White "Kowalski, Igor"]
[Black "Khandelwal, Ankush"]
[WhiteFideId "1172468"]
[BlackFideId "413470"]
[WhiteElo "2317"]
[BlackElo "2271"]
[Result "1-0"]
[Round "01"]
[TimeControl "180+1"]
[Date "2022.11.30"]
[WhiteClock "0:01:00"]
[BlackClock "0:00:03"]

1. d4 Nf6 2. Nf3 g6 3. Nc3 Bg7 4. e4 d6 5. Bc4 c6 6. Bb3 b5 7. Qe2 b4 8. Nd1 O-O 9. c4 bxc3 10. Nxc3 Ba6 11. Bc4 Bxc4 12. Qxc4 d5 13. exd5 cxd5 14. Qe2 Nc6 15. O-O Ne4 16. Nxe4 dxe4 17. Qxe4 Nxd4 18. Bg5 Nxf3+ 19. Qxf3 Bxb2 20. Rab1 Bg7 21. Rb7 f6 22. Qb3+ Kh8 23. Be3 a5 24. Rd1 Qe8 25. Rdd7 a4 26. Qe6 Rd8 27. g3 Rxd7 28. Rxd7 Qf7 29. Qc6 Qxa2 30. Rxe7 f5 31. Qd7 Qg8 32. Rxg7 Qxg7 33. Bd4 Rf6 34. Qe8+ Rf8 35. Qxf8# 1-0


[Site "https://www.chess.com"]

[Event "Titled Tuesday Blitz November 29 Late 2022"]
[White "Kuzmicz, Krystian"]
[Black "Rios Escobar, Adan"]
[WhiteFideId "1119125"]
[BlackFideId "3403645"]
[WhiteElo "2380"]
[BlackElo "2308"]
[Result "1-0"]
[Round "01"]
[TimeControl "180+1"]
[Date "2022.11.30"]
[WhiteClock "0:01:22"]
[BlackClock "0:00:03"]

1. e4 c5 2. d3 g6 3. g3 Bg7 4. Bg2 Nc6 5. f4 d6 6. Nf3 e6 7. O-O Nge7 8. c3 Rb8 9. Be3 b5 10. d4 cxd4 11. cxd4 d5 12. e5 b4 13. Nbd2 Nf5 14. Bf2 Ba6 15. Re1 Qb6 16. Nb3 h5 17. Nc5 Bb5 18. Rc1 Bf8 19. h3 Bxc5 20. Rxc5 a5 21. Qd2 a4 22. Rec1 b3 23. axb3 axb3 24. Bf1 Na7 25. Bg2 O-O 26. g4 hxg4 27. hxg4 Ne7 28. Bh4 Rb7 29. Bf6 Rfb8 30. f5 Kf8 31. Qh6+ Ke8 32. Ng5 exf5 33. Qg7 Nac6 34. Qxf7+ Kd8 35. Rxd5+ Rd7 36. Rxd7+ Kxd7 37. Bxc6+ 1-0


[Site "https://www.chess.com"]